AoeStats
← TPE-床上小旋風

Nomad

509537547Analyzed
4v4 RM · 5d ago on Sep 27, 2026· 40m 32s· 8 players
Game mode
Random Map
Map size
231×231
Population
200
Speed
Normal
Resources
Standard
Victory
Conquest
Starting age
Dark Age
Ending age
Imperial Age
RankedLock teamsTeams togetherTeam positionsShared explorationLock speedFull tech treeHidden civsTurbo modeCheats
Victory
Defeat
🇨🇳 Wu · China
1365
+13
🇭🇰 Tatars · Hong Kong SAR China
1340
+14
🇨🇳 Poles · China
1336
+14
🇷🇺 Huns · Russia
1319
+15
🇨🇱 Malay · Chile
1331
-14
🇲🇽 Spanish · Mexico
1309
-15
🇲🇽 Hindustanis · Mexico
1289
-14
🇲🇽 Mongols · Mexico
1275
-13
TPE-床上小旋風
4:52 Loom
15:25 Feudal Age
16:19 Double-Bit Axe
19:44 Castle Age
18:04 Gold Mining
18:36 Fletching
18:31 Horse Collar
18:37 Fishing Lines
19:11 Padded Archer Armor
20:37 Bow Saw
20:31 Bodkin Arrow
20:53 Leather Archer Armor
21:00 Medium Warships
22:08 Heavy Plow
22:06 Gillnets
24:26 Wheelbarrow
25:09 Town Watch
26:41 Gold Shaft Mining
28:54 Hand Cart
28:50 Scale Barding Armor
30:25 Ballistics
30:58 Bloodlines
30:49 Husbandry
31:09 Town Patrol
34:26 Imperial Age
33:29 Chain Barding Armor
33:19 Forging
35:11 Marauders
35:32 Atheism
35:32 Conscription
34:33 Elite Tarkan
35:26 Thumb Ring
35:47 Parthian Tactics
35:57 Heavy Cavalry Archer
37:14 Iron Casting
37:59 Two-Man Saw
36:52 Stone Mining
38:14 Plate Barding Armor
37:40 Bracer
40:29 Blast Furnace
40:51 Chemistry
战歌
13:10 Feudal Age
14:24 Double-Bit Axe
17:20 Castle Age
15:45 Gold Mining
18:40 Bow Saw
21:24 Medium Warships
20:54 Fishing Lines
22:26 Loom
23:19 Wheelbarrow
22:29 Man-at-Arms
27:14 Horse Collar
27:58 Heavy Plow
41:09 Hand Cart
卫星点灯
14:20 Feudal Age
18:21 Castle Age
16:48 Double-Bit Axe
17:10 Horse Collar
19:04 Wheelbarrow
19:15 Bow Saw
19:06 Heavy Plow
21:42 Gold Mining
23:41 Szlachta Privileges
23:42 Scale Barding Armor
23:51 Forging
25:43 Chain Barding Armor
25:40 Bloodlines
25:58 Husbandry
26:49 Iron Casting
33:27 Fletching
41:10 Imperial Age
38:28 Loom
GG
4:09 Loom
15:02 Feudal Age
18:53 Castle Age
18:03 Fletching
18:13 Padded Archer Armor
18:25 Double-Bit Axe
20:20 Bow Saw
19:39 Crossbowman
21:31 Gold Mining
24:37 Bodkin Arrow
27:04 Horse Collar
31:57 Wheelbarrow
34:57 Stone Mining
35:39 Bloodlines
37:38 Hand Cart
41:12 Imperial Age
38:45 Husbandry
39:23 Scale Barding Armor
39:29 Forging
40:01 Gold Shaft Mining
39:59 Town Watch
40:19 Heavy Plow
Lancelot
5:16 Loom
12:39 Feudal Age
15:28 Gold Mining
15:32 Double-Bit Axe
18:17 Castle Age
16:39 Fishing Lines
17:37 Stone Mining
19:10 Bow Saw
21:41 Wheelbarrow
24:48 Medium Warships
29:39 Fletching
30:30 Town Watch
32:05 Bodkin Arrow
34:57 Padded Archer Armor
HaloWeen
14:03 Feudal Age
14:28 Loom
18:37 Castle Age
18:14 Double-Bit Axe
29:06 Bow Saw
28:39 Horse Collar
29:44 Padded Archer Armor
34:32 Wheelbarrow
38:16 Leather Archer Armor
41:46 Imperial Age
39:40 Bloodlines
39:56 Husbandry
40:55 Hand Cart
40:26 Town Watch
[CL]TrunicC
13:56 Feudal Age
14:50 Double-Bit Axe
15:14 Loom
15:29 Loom
18:09 Castle Age
16:11 Stone Mining
16:39 Gold Mining
20:15 Wheelbarrow
19:53 Bow Saw
20:14 Forging
21:30 Scale Mail Armor
23:42 Chain Mail Armor
32:29 Imperial Age
31:40 Iron Casting
32:30 Arson
35:02 Blast Furnace
34:54 Squires
DD2E D10 Bulldozer
4:57 Loom
13:46 Feudal Age
14:38 Fletching
22:37 Castle Age
26:04 Stone Mining
36:06 Wheelbarrow
37:00 Horse Collar
Connection lost

Rejoining the realm…

Still unreachable

The connection could not be restored.

Session expired

The server has moved on; the page needs a fresh start.